Map: Ephemeron LE

Players

Frobilicious - Winner!

  • Race: Terran Terran
  • League: Master
  • Spawn Location: 11:00

OhrlRokK

  • Race: Protoss Protoss
  • League: Master
  • Spawn Location: 5:00

VOD

Have the link to the VOD?

Description

Time

  • Played on: Aug. 21, 2019, 6:11 p.m.
  • Length: 10:39
Show
View Real Time Build Order
Export as new Build Order

Frobilicious Terran - Winner!

Build Orders: Gas First Reaper Expand, Liberator Opening, Mech 

Get SALT Encoding   

  12  0:00  SCV  
  13  0:12  SCV  
  14  0:17  Supply Depot  
  14  0:24  SCV  
  14  0:28  Refinery  
  15  0:39  SCV  
  16  0:44  Barracks  
  16  0:51  SCV  
  17  1:03  SCV  
  18  1:15  SCV  
  19  1:32  Orbital Command, Reaper  
  20  1:43  Command Center  
  20  1:57  Factory  
  20  2:01  SCV  
  21  2:06  Refinery  
  21  2:09  Barracks Reactor  
  21  2:14  SCV  
  22  2:18  Supply Depot  
  22  2:26  SCV  
  23  2:39  SCV  
  23  2:41  Starport  
  24  2:52  Barracks Tech Lab, Hellion x2  
  28  3:01  Orbital Command  
  28  3:02  SCV  
  29  3:14  SCV, Hellion  
  29  3:18  Hellion  
  36  3:27  SCV x2  
  36  3:33  Supply Depot  
  36  3:35  Medivac  
  36  3:39  SCV  
  36  3:40  SCV  
  37  3:51  Hellion x2  
  37  3:52  SCV x2  
  37  3:54  Liberator  
  41  4:00  Supply Depot  
  41  4:02  Marine  
  42  4:04  SCV x2  
  42  4:06  Bunker  
  44  4:16  SCV x2  
  49  4:26  Supply Depot  
  49  4:28  Siege Tank, SCV x2  
  54  4:31  Marine  
  54  4:32  Refinery, Marine  
  54  4:33  Refinery  
  54  4:38  Liberator  
  56  4:40  SCV  
  56  4:42  Supply Depot, SCV  
  58  4:52  SCV  
  61  4:57  SCV  
  63  5:02  Command Center  
  63  5:04  SCV  
  64  5:09  SCV  
  64  5:10  Marine x2  
  64  5:11  Siege Tank  
  70  5:16  SCV  
  71  5:21  Factory  
  71  5:23  Factory, SCV  
  72  5:28  SCV  
  72  5:34  Marine x2  
  72  5:35  SCV  
  76  5:40  Starport Tech Lab  
  76  5:44  Armory  
  76  5:45  SCV  
  76  5:47  SCV  
  78  5:50  Supply Depot  
  78  5:51  Supply Depot  
  78  5:53  Infernal Pre-Igniter  
  78  5:59  Supply Depot  
  78  6:09  Supply Depot  
  78  6:12  Siege Tank, SCV x2  
  83  6:20  Siege Tank  
  83  6:21  Hellion x2  
  83  6:22  Orbital Command  
  83  6:23  Viking  
  83  6:24  Barracks Reactor  
  83  6:25  SCV  
  92  6:26  SCV  
  93  6:34  Terran Vehicle Weapons Level 1  
  93  6:37  SCV  
  93  6:38  SCV  
  95  6:44  Siege Tank  
  98  6:49  SCV  
  98  6:50  SCV  
  98  6:51  SCV  
  98  6:53  Siege Tank  
  104  7:01  SCV, Hellion x2  
  104  7:02  SCV  
  104  7:03  SCV  
  107  7:09  Armory  
  107  7:10  Barracks Tech Lab  
  107  7:13  SCV  
  107  7:14  SCV  
  110  7:16  Siege Tank  
  107  7:30  Siege Tank, Hellion x2  
  107  7:33  Viking  
  110  7:42  Barracks  
  110  7:47  Orbital Command  
  110  7:48  Siege Tank  
  106  7:51  SCV, Hellion x2  
  107  8:00  Terran Vehicle And Ship Armor Level 1  
  107  8:02  Hellion  
  107  8:13  Hellion x2  
  107  8:16  Viking  
  113  8:20  Siege Tank  
  113  8:21  SCV x2  
  113  8:23  Hellion  
  122  8:34  Hellion x2  
  121  8:45  Siege Tank  
  121  8:46  Orbital Command  
  111  8:53  Hellion  
  111  8:54  SCV  
  115  8:56  Hellion x2  
  115  8:57  SCV  
  118  9:07  SCV  
  118  9:09  Command Center, SCV  
  120  9:14  Siege Tank  
  120  9:15  SCV  
  124  9:19  Refinery, SCV, Hellion x10  
  124  9:20  Refinery  
  124  9:22  SCV, Hellion  
  128  9:31  Barracks Tech Lab, Starport Reactor  
  128  9:32  Factory, SCV x2  
  128  9:33  Factory  
  128  9:37  Siege Tank, Hellion  
  135  9:43  Hellion  
  137  9:46  Siege Tank  
  136  9:58  Hellion  
  128  10:05  Hellion  
  125  10:09  Hellion  
Show
View Real Time Build Order
Export as new Build Order

OhrlRokK Protoss 

Build Orders: 1 Gate Expand, Oracle Opening, Blink Stalkers 

Get SALT Encoding   

  12  0:01  Probe  
  13  0:13  Probe  
  14  0:19  Pylon  
  14  0:25  Probe  
  15  0:39  Gateway  
  15  0:41  Probe  
  16  0:53  Probe  
  16  0:55  Assimilator  
  17  1:03  Probe  
  18  1:11  Probe  
  19  1:20  Probe  
  20  1:27  Cybernetics Core  
  20  1:37  Nexus  
  20  1:43  Probe  
  21  1:47  Pylon  
  21  1:55  Probe, Adept  
  21  1:57  Assimilator  
  22  2:07  Probe  
  22  2:08  Warp Gate  
  25  2:26  Sentry  
  27  2:41  Probe  
  27  2:44  Twilight Council  
  28  2:46  Probe  
  28  2:47  Oracle  
  29  2:53  Probe  
  29  2:54  Probe  
  29  2:55  Stalker  
  32  3:04  Probe  
  33  3:06  Probe  
  33  3:10  Gateway, Blink  
  33  3:11  Gateway  
  35  3:35  Gateway  
  35  3:48  Probe  
  33  3:55  Probe  
  34  3:59  Probe  
  35  4:04  Probe  
  35  4:08  Probe  
  35  4:09  Robotics Facility  
  36  4:12  Pylon, Probe  
  36  4:16  Probe  
  38  4:17  Stalker x3  
  38  4:21  Probe  
  45  4:25  Pylon  
  45  4:27  Probe  
  47  4:33  Probe  
  47  4:36  Probe  
  48  4:44  Gateway  
  49  4:47  Gateway  
  43  4:55  Probe  
  43  4:57  Stalker x3  
  50  5:02  Probe  
  51  5:08  Probe  
  51  5:10  Observer, Probe  
  53  5:20  Probe  
  55  5:21  Probe  
  56  5:33  Probe  
  57  5:37  Probe  
  57  5:40  Warp Prism  
  60  5:50  Stalker  
  60  5:53  Pylon  
  62  5:58  Pylon  
  62  6:04  Nexus  
  62  6:11  Probe x2  
  64  6:21  Stalker x4  
  64  6:22  Stalker  
  64  6:23  Probe  
  64  6:25  Probe  
  75  6:35  Probe  
  76  6:41  Pylon  
  76  6:44  Pylon  
  76  6:55  Pylon  
  76  6:57  Gateway  
  76  7:01  Stalker  
  77  7:04  Stalker x4  
  81  7:30  Stalker x5  
  69  7:59  Stalker x3  
  69  8:00  Probe x2  
  69  8:02  Pylon  
  69  8:03  Probe  
  78  8:07  Assimilator  
  78  8:11  Assimilator  
  78  8:12  Probe  
  79  8:13  Probe  
  79  8:15  Probe  
  79  8:18  Pylon  
  81  8:20  Stalker  
  81  8:21  Stalker x2  
  81  8:22  Zealot x2  
  81  8:23  Zealot  
  81  8:24  Probe  
  81  8:25  Probe  
  95  8:27  Probe  
  96  8:36  Probe  
  91  8:46  Charge  
  73  8:50  Probe x2  
  73  8:51  Probe  
  74  8:59  Zealot x6  
  74  9:02  Probe  
  87  9:03  Probe x2  
  87  9:07  Shield Battery  
  89  9:13  Warp Prism  
  89  9:14  Probe  
  92  9:25  Zealot x6  
  92  9:26  Probe  
  92  9:31  Templar Archives  
  105  9:37  Shield Battery  
  100  9:46  Stalker x4  
  100  9:50  Stalker x2  
  50  10:21  Probe x2  
  41  10:22  Stalker x5  
Tags
 
Add a new tag
Caveats
  • Supply blocks, unpowered buildings, or Contaminate may cause inaccurate times.
  • Supply counts are checked every 10 seconds.